 Dungeon Sprint DCSS version 0.28.0-45-g0d030f2227 (webtiles) character file.

Game seed: 3518979634964486432

6400000 protoss039 the Axe Maniac (level 23, -5/175 HPs)
             Began as a Gargoyle Gladiator on Apr 16, 2022.
             Was the Champion of Makhleb.
             Slain by a destroyer
             ... wielding a +9 vorpal great sword
              (113 damage)
             ... in the Dungeon (Sprint VIII: "Arena of Blood").
             The game lasted 00:03:53 (64 turns).

protoss039 the Axe Maniac (Gargoyle Gladiator)        Turns: 64, Time: 00:03:54

Health: -5/175     AC: 26    Str: 30    XL:     23   Next: 15%
Magic:  24/54      EV: 23    Int:  8    God:    Makhleb [******]
Gold:   0          SH:  0    Dex: 11    Spells: 76/76 levels left

rFire   . . .      SeeInvis .   j - +∞ Axe of Woe
rCold   . . .      Faith    .   (shield currently unavailable)
rNeg    + . .      Spirit   .   a - +0 leather armour
rPois   ∞          Reflect  .   b - +0 helmet
rElec   +          Harm     .   (no cloak)
rCorr   .          Rampage  .   (no gloves)
Will    +....      NoTele   +   (no boots)
Stlth   +++++++++.              (no amulet)
HPRegen 0.39/turn               (no ring)
MPRegen 0.34/turn               (no ring)

@: flying
A: sickness immunity, AC +17, big wings, negative energy resistance 1,
electricity resistance, torment resistance 1, petrification resistance
a: Renounce Religion, Minor Destruction, Lesser Servant of Makhleb, Major
Destruction, Greater Servant of Makhleb


You were in the Dungeon.
You worshipped Makhleb.
Makhleb was exalted by your worship.
You visited 1 branch

Inventory:

Hand Weapons
 j - the +∞ Axe of Woe (weapon)
   (You found it in the Dungeon)
Missiles
 c - 3 throwing nets (quivered)
Armour
 a - a +0 leather armour (worn)
 b - a +0 helmet (worn)
Jewellery
 k - a +250 ring of slaying
Scrolls
 i - a scroll of blinking
Potions
 d - a potion of curing
 e - a potion of heal wounds
 f - a potion of haste
 g - 2 potions of magic
 h - a potion of berserk rage


   Skills:
 O Level 27 Fighting
 O Level 27 Axes
 + Level 24.2(27) Maces & Flails
 + Level 22.5(27) Polearms
 + Level 22.4(26.3) Slings
 + Level 23.5(26.8) Throwing
 O Level 27 Armour
 O Level 27 Dodging
 O Level 27 Stealth
 O Level 27 Unarmed Combat
 O Level 27 Spellcasting
 O Level 27 Invocations


You had 76 spell levels left.
You didn't know any spells.
Your spell library was empty.

Dungeon Overview and Level Annotations

Branches:
Dungeon (1/1)

Altars:
Makhleb


Innate Abilities, Weirdness & Mutations

You are immune to sickness and miasma.
Your stone body is resilient. (AC +17)
You are immune to poison.
Your large and strong wings let you fly.
You resist negative energy. (rN+)
You are resistant to electric shocks. (rElec)
You are resistant to unholy torment.
You are immune to petrification.


Message History

Your body is wracked with pain!
You hear a shout! x6
A dread comes into view.
The eight-headed meat hydra calls on the powers of darkness!
The eight-headed meat hydra convulses!
Your body is wracked with pain!
The meat berserker convulses!
You hear a shout! x3
Your base Maces & Flails skill gained 2 levels and is now at level 24!
Your base Polearms skill gained 2 levels and is now at level 22!
Your base Slings skill gained 2 levels and is now at level 22!
Your base Throwing skill gained 2 levels and is now at level 23!
You have mastered Unarmed Combat!
You have reached level 23!
Unknown command.
Really fly into that cloud of flame? [Y]es or [N]o only, please.
Really fly into that cloud of flame?
A meat berserker comes into view. It is wielding a +9 battleaxe.
You are engulfed in blazing flames.
You hear a shout! x2
The destroyer hits you but does no damage.
The destroyer bites you but does no damage.
You hear a shout! x2
A meat berserker comes into view. It is wielding a +9 battleaxe.
You hear a shout! x8
Items here: )))))))) ======== †††††.
Unknown command.
Unknown command.
Press: ? - help, v - describe, . - travel, g - get item
Items here: )))))))) ======== †††††.
The floor, spattered with blood.
Unknown command.
Press: ? - help, v - describe, . - travel, g - get item
Items here: )))))))) ======== †††††.
The floor, spattered with blood.
k - a +250 ring of slaying You hear a shout!
You hear two shouts!
You hear a shout! x2
The destroyer hits you with a +9 vorpal great sword!!!!
Ouch! That really hurt!
You die...

.. ..... #. ....#
#.. ...# ..
.###.. ...###...
......###O.......
......_.○°..z...
#...))# . .
#_.☼V_# ...
....#.VD○@#....L
....O.._)......O.
......###........
.###.. ...###...
#.. ...# .. #.
....# .. .....
....W.. ....


You could see an eight-headed meat hydra, 2 destroyers, a dread (wandering) and
3 meat berserkers.

Vanquished Creatures
  2 royal mummies (D)
  7 vampire knights (D)
  13 ogres (D)
  3 two-headed ogres (D)
  A lich (D)
  A hydra (D)
  23 orcs (D)
  3 skeletal warriors (D)
53 creatures vanquished.

Notes
Turn   | Place    | Note
-------+----------+-------------------------------------------
     0 | D        | Found the +∞ Axe of Woe
     0 | D        | protoss039 the Gargoyle Gladiator began the quest for the
                  | Orb.
     0 | D        | Reached XP level 1. HP: 12/12 MP: 1/1
     0 | D        | Noticed a bag of meat
     1 | D        | Noticed a bag of meat
     3 | D        | Noticed a bag of meat
     4 | D        | Killed a bag of meat
     4 | D        | Noticed a bag of meat
     4 | D        | Noticed a bag of meat
     5 | D        | Reached skill level 10 in Fighting
     5 | D        | Reached XP level 2. HP: 28/28 MP: 2/2
     5 | D        | Reached XP level 3. HP: 32/32 MP: 3/3
     5 | D        | Reached XP level 4. HP: 37/37 MP: 4/4
     5 | D        | Reached XP level 5. HP: 42/42 MP: 5/5
     5 | D        | Reached XP level 6. HP: 48/48 MP: 6/6
     5 | D        | Reached XP level 7. HP: 52/52 MP: 7/7
     5 | D        | Reached XP level 8. HP: 57/57 MP: 8/8
     5 | D        | Reached XP level 9. HP: 62/62 MP: 9/9
     5 | D        | Reached XP level 10. HP: 68/68 MP: 10/10
     5 | D        | Reached XP level 11. HP: 72/72 MP: 11/11
     5 | D        | Noticed a meat berserker
     6 | D        | Noticed a meat berserker
     6 | D        | Became a worshipper of Makhleb the Destroyer
     7 | D        | Noticed a meat berserker
     8 | D        | Killed a bag of meat
     8 | D        | Noticed a bag of meat
     9 | D        | Reached XP level 12. HP: 84/84 MP: 12/12
     9 | D        | Killed a meat berserker
     9 | D        | Reached * piety under Makhleb
     9 | D        | Noticed a bag of meat
     9 | D        | HP: 4/84 [meat berserker/+9 battleaxe (80)]
    10 | D        | Reached XP level 13. HP: 4/97 MP: 13/13
    10 | D        | Killed a meat berserker
    10 | D        | Killed a bag of meat
    10 | D        | Noticed a bag of meat
    10 | D        | Noticed a bag of meat
    11 | D        | Gained mutation: Your large and strong wings let you fly.
                  | [Gargoyle growth]
    11 | D        | Reached XP level 14. HP: 38/110 MP: 14/14
    11 | D        | Killed a meat berserker
    11 | D        | Reached ** piety under Makhleb
    12 | D        | Reached XP level 15. HP: 42/119 MP: 15/15
    15 | D        | Noticed a meat berserker
    16 | D        | Reached *** piety under Makhleb
    16 | D        | Noticed a meat berserker
    16 | D        | Noticed a meat berserker
    17 | D        | Reached skill level 27 in Axes
    18 | D        | Reached skill level 27 in Fighting
    18 | D        | Reached **** piety under Makhleb
    18 | D        | Noticed a destroyer
    19 | D        | Reached XP level 16. HP: 133/133 MP: 15/23
    20 | D        | Killed a meat berserker
    21 | D        | Killed a meat berserker
    21 | D        | Noticed a destroyer
    22 | D        | Reached skill level 15 in Armour
    22 | D        | Reached skill level 15 in Invocations
    22 | D        | Reached XP level 17. HP: 139/139 MP: 15/28
    23 | D        | Noticed a destroyer
    23 | D        | Killed a meat berserker
    24 | D        | Noticed a meat berserker
    25 | D        | Reached ***** piety under Makhleb
    27 | D        | Noticed an eight-headed meat hydra
    27 | D        | Noticed a large bag of meat
    29 | D        | Noticed a meat berserker
    30 | D        | Noticed a large bag of meat
    30 | D        | Noticed a sculptor of flesh
    30 | D        | Noticed a meat berserker
    31 | D        | Killed a nine-headed meat hydra
    31 | D        | Killed a destroyer
    32 | D        | Reached XP level 18. HP: 50/145 MP: 17/32
    32 | D        | Noticed a sculptor of flesh
    32 | D        | Killed a meat berserker
    32 | D        | Noticed a sculptor of flesh
    33 | D        | Noticed a destroyer
    33 | D        | Noticed a destroyer
    33 | D        | Noticed a meat berserker
    34 | D        | Killed a destroyer
    34 | D        | Reached ****** piety under Makhleb
    35 | D        | Reached skill level 27 in Dodging
    35 | D        | Killed a meat berserker
    36 | D        | Killed a destroyer
    36 | D        | Killed a sculptor of flesh
    37 | D        | Reached skill level 27 in Armour
    37 | D        | Reached skill level 27 in Invocations
    37 | D        | Reached skill level 10 in Spellcasting
    37 | D        | Reached XP level 19. HP: 151/151 MP: 17/36
    37 | D        | Killed a meat berserker
    37 | D        | Noticed a large bag of meat
    38 | D        | Killed a sculptor of flesh
    38 | D        | Killed a sculptor of flesh
    39 | D        | Killed a large bag of meat
    40 | D        | Killed a meat berserker
    40 | D        | Killed a destroyer
    40 | D        | Noticed a destroyer
    41 | D        | Reached skill level 27 in Stealth
    41 | D        | Reached XP level 20. HP: 155/157 MP: 18/46
    43 | D        | Noticed an accursed
    43 | D        | Killed a large bag of meat
    44 | D        | Reached skill level 27 in Spellcasting
    44 | D        | Reached skill level 1 in Maces & Flails
    44 | D        | Reached skill level 1 in Polearms
    44 | D        | Reached skill level 1 in Slings
    44 | D        | Killed a destroyer
    46 | D        | Reached XP level 21. HP: 139/163 MP: 19/52
    46 | D        | Killed a large bag of meat
    46 | D        | Noticed a meat berserker
    47 | D        | Reached skill level 10 in Polearms
    47 | D        | Reached skill level 10 in Slings
    48 | D        | Killed a destroyer
    48 | D        | Killed a meat berserker
    49 | D        | Reached skill level 15 in Maces & Flails
    49 | D        | Noticed a meat berserker
    49 | D        | Noticed a tyrant
    49 | D        | Noticed a destroyer
    49 | D        | Noticed a destroyer
    50 | D        | Noticed an eight-headed meat hydra
    52 | D        | Killed an accursed
    52 | D        | Noticed an accursed
    53 | D        | Reached XP level 22. HP: 127/169 MP: 21/53
    55 | D        | Killed a destroyer
    58 | D        | Killed a tyrant
    59 | D        | Noticed a destroyer
    61 | D        | Noticed a meat beast
    61 | D        | Noticed a tyrant
    62 | D        | Killed an accursed
    62 | D        | Noticed a dread
    63 | D        | Reached skill level 27 in Unarmed Combat
    63 | D        | Reached XP level 23. HP: 107/175 MP: 24/54
    64 | D        | Slain by a destroyer

Illustrated notes

Levels and vault maps discovered:
D:        meatsprint

Skill      XL: |  1  2  3  4  5  6  7  8  9 10 11 12 13 14 15 16 17 18 19 20 21 22 |
---------------+-------------------------------------------------------------------+-----
Fighting       | 10 13 17 21 23 27 | 27.0
Axes           | 3 12 18 22 24 27 | 27.0
Throwing       | 8 11 18 23 | 23.5
Dodging        | 13 17 20 26 27 | 27.0
Unarmed Combat | 16 18 23 27 | 27.0
Armour         | 9 15 21 27 | 27.0
Invocations    | 9 15 21 27 | 27.0
Stealth        | 14 27 | 27.0
Spellcasting   | 10 22 27 | 27.0
Maces & Flails | 9 18 24 | 24.2
Polearms       | 8 16 22 | 22.5
Slings         | 8 16 22 | 22.4

Action                   |  1- 3 |  4- 6 |  7- 9 | 10-12 | 13-15 | 16-18 | 19-21 | 22-24 || total
-------------------------+-------+-------+-------+-------+-------+-------+-------+-------++-------
Melee: Executioner's axe |     1 |       |       |     2 |     7 |     8 |     6 |     6 ||    30
       Unarmed           |     1 |       |       |       |       |       |       |       ||     1
Armor: Leather armour    |       |       |       |       |       |       |     2 |     3 ||     5
Dodge: Dodged            |     2 |       |       |       |       |       |       |     1 ||     3
